 Dungeon Crawl Stone Soup version 0.27-a0-828-g8289197e94 (webtiles) character file.

Game seed: 945298771120985213

112 polve the Changer (level 4, -16/35 HPs)
             Began as a Draconian Transmuter on Mar 30, 2021.
             Blown up by Ijyb (31 damage)
             ... with a mindburst bolt
             ... on level 3 of the Dungeon.
             The game lasted 00:02:03 (2656 turns).

polve the Changer (Draconian Transmuter)            Turns: 2656, Time: 00:02:03

Health: -16/35     AC:  5    Str: 12    XL:     4   Next: 63%
Magic:  6/6        EV: 12    Int: 15    God:
Gold:   100        SH:  0    Dex: 11    Spells: 6/7 levels left

rFire    . . .     SeeInvis .   c - +1 spear (vorpal)
rCold    . . .     Faith    .   (no shield)
rNeg     . . .     Spirit   .   (armour unavailable)
rPois    .         Reflect  .   (helmet restricted)
rElec    .         Harm     .   (no cloak)
rCorr    .         Rampage  .   (no gloves)
Will     .....                  (no boots)
Stlth    +.........             (no amulet)
HPRegen  0.11/turn              (no ring)
MPRegen  0.10/turn              (no ring)

@: studying Staves
A: AC +5, unfitting armour, cold-blooded, low mp 1, wild magic 1
a: no special abilities


You were on level 3 of the Dungeon.
You visited 1 branch of the dungeon, and saw 3 of its levels.

You collected 100 gold pieces.

Inventory:

Hand Weapons
 c - a +1 vorpal spear (weapon)
Armour
 g - a +0 pair of boots
Scrolls
 a - a scroll of immolation {unknown}
 d - a scroll of noise {unknown}
 f - 2 scrolls of enchant armour {unknown}
 i - 2 scrolls of magic mapping {unknown}
 j - a scroll of identify {unknown}
 k - a scroll of fog {unknown}
Potions
 b - a potion of curing
 l - a potion of lignification {unknown}


   Skills:
 - Level 1.1 Fighting
 - Level 1.7 Dodging
 - Level 3.0 Unarmed Combat
 - Level 2.0 Spellcasting
 + Level 4.9 Transmutations


You had 6 spell levels left.
You knew the following spells:

 Your Spells              Type           Power      Damage    Failure   Level
a - Beastly Appendage     Tmut           42%        N/A       5%          1

Your spell library contained the following spells:

 Spells                   Type           Power      Damage    Failure   Level
 Wereblood                Tmut           21%        N/A       7%          2
 Spider Form              Tmut/Pois      5%         N/A       32%         3
 Ice Form                 Ice/Tmut       11%        N/A       71%         4
 Hydra Form               Tmut           10%        N/A       71%         5


Dungeon Overview and Level Annotations

Branches:
Dungeon (3/15)

Altars:
Nemelex Xobeh
Ru

Annotations:
D:3 Ijyb


Innate Abilities, Weirdness & Mutations

Your plain brown scales are hard. (AC +5)
You cannot fit into any form of body armour.
You are cold-blooded and may be slowed by cold attacks.
Your magical capacity is low. (-10% MP)
Your spells are a little harder to cast, but a little more powerful.


Message History

A rat is nearby!
A rat is nearby!
A rat is nearby!
You reach to attack!
You closely miss the rat. You puncture the rat!
You kill the rat!
No target in view!
No target in view!
No target in view!
No target in view!
No target in view!
No target in view!
No target in view!
Items here: ( ))))) [.
Found 20 stones.
You see here 15 bolts.
b - 2 purple potions (gained 1) Key pressed, stopping explore.
Ijyb the Twisted Goblin comes into view.
She is wielding a +0 dagger of speed and carrying a wand of mindburst (12).
Ijyb shouts!
Ijyb zaps a wand.
Your mind is blasted!
Ijyb is nearby!
Found a stone staircase leading down.
You hit Ijyb.
Ijyb is moderately wounded.
Ijyb zaps a wand.
Your mind is blasted!
Ouch! That really hurt!
* * * LOW HITPOINT WARNING * * *
You are too injured to fight recklessly!
You are too injured to fight recklessly!
You are too injured to fight recklessly!
You are too injured to fight recklessly!
You are too injured to fight recklessly!
It was a potion of curing.
You feel better.
Ijyb hits you with a +0 dagger of speed.
It was a potion of magic.
Magic courses through your body.
Ijyb grins evilly.
Ijyb zaps a wand.
Your mind is blasted!
Ouch! That really hurt!
You die...

#..(......# #.#
#.##...####.###.#
#.##...# ##...##
>......# ######
#.###..##### ##
#.###......## ##.
#.#....#....# #.#
########.#.#.....#.#
#.#
......g@......#....#
#.#
##########.#.....#.#
##. #.....#...# ##
##...####.# #...#
#.# #...# #.# #..#
#.# #..####.#####
#..#.........


You could see Ijyb.

Vanquished Creatures
  A howler monkey zombie (D:3)
  An adder (D:3)
  A gnoll (D:1)
  A white imp (D:3)
  4 worms
  A dart slug (D:2)
  5 orcs (D:3)
  4 ball pythons
  4 endoplasms
  6 goblins
  2 hobgoblins
  4 jackals (D:1)
  3 quokkas
  2 bats
  3 frilled lizards
  5 kobolds
  10 rats
57 creatures vanquished.

Notes
Turn   | Place    | Note
-------+----------+-------------------------------------------
     0 | D:1      | polve the Draconian Transmuter began the quest for the Orb.
     0 | D:1      | Reached XP level 1. HP: 16/16 MP: 3/3
   102 | D:1      | Reached XP level 2. HP: 14/23 MP: 3/5
   323 | D:1      | Reached skill level 3 in Transmutations
   688 | D:1      | Reached XP level 3. HP: 27/28 MP: 6/6
  1204 | D:2      | Found a sacrificial altar of Ru.
  1399 | D:2      | Reached skill level 4 in Transmutations
  1576 | D:2      | Found a sparkling altar of Nemelex Xobeh.
  1819 | D:3      | Gained mutation: Your magical capacity is low. (-10% MP)
                  | [potion of mutation]
  1819 | D:3      | Gained mutation: Your spells are a little harder to cast,
                  | but a little more powerful. [potion of mutation]
  1830 | D:3      | Reached XP level 4. HP: 35/35 MP: 6/6
  2650 | D:3      | Noticed Ijyb
  2656 | D:3      | Blown up by Ijyb

Illustrated notes

Levels and vault maps discovered:
D:1:      scummos_arrival_forest, layout_basic
D:2:      layout_basic, lemuel_coloured_pillars_altar, lemuel_round_altar,
          chequers_serial_rivers_room_b
D:3:      layout_loops_ring, minmay_misc_feat_five, uniq_ijyb

Skill      XL: |  1  2  3 |
---------------+----------+-----
Transmutations | 3 4 |  4.9
Fighting       | |  1.1
Dodging        | |  1.7
Unarmed Combat | |  3.0
Spellcasting   | |  2.0

Action                   |  1- 3 |  4- 6 || total
-------------------------+-------+-------++-------
Melee: Unarmed           |    43 |       ||    43
       Kick              |     6 |     1 ||     7
       Headbutt          |     4 |     2 ||     6
       Tailslap          |     7 |     5 ||    12
       Punch             |     1 |       ||     1
       Spear             |   110 |    46 ||   156
 Cast: Beastly Appendage |     5 |     2 ||     7
  Use: Potion            |     2 |     2 ||     4
 Stab: Sleeping          |     2 |     1 ||     3
Armor: Skin              |    29 |     3 ||    32
Dodge: Dodged            |    85 |    21 ||   106

Table legend: (Time is in decaauts)
 A = Elapsed time spent in this place.
 B = Non-inter-level travel time spent in this place.
 C = Inter-level travel time spent in this place.
 D = Time resting spent in this place.
 E = Time spent auto-exploring this place.
 F = Levels seen in this place.
 G = Mean time per level.
                   A        B        C        D        E       F      G
               +--------+--------+--------+--------+--------+-----+--------+
         Total |   2672 |   2660 |     12 |      0 |   2229 |   3 |  890.7 |
       Dungeon |   2672 |   2660 |     12 |      0 |   2229 |   3 |  890.7 |
               +--------+--------+--------+--------+--------+-----+--------+

Top non-repeatable levels by time:
     D:1: 971 daAuts
     D:3: 903 daAuts
     D:2: 798 daAuts
